 Dungeon Crawl Stone Soup version 0.20-a0-1025-g4706f7e (webtiles) character file.

52 Gorglomux the Insei (level 3, -1/27 HPs)
             Began as a Demigod Transmuter on Apr 19, 2017.
             Killed from afar by a dart slug (4 damage)
             ... with a slug dart
             ... on level 2 of the Dungeon.
             The game lasted 00:03:30 (1814 turns).

Gorglomux the Insei (Demigod Transmuter)            Turns: 1814, Time: 00:03:31

Health: -1/27      AC:  2    Str: 13    XL:     3   Next: 39%
Magic:  6/9        EV: 12    Int: 19    God:
Gold:   61         SH:  0    Dex: 16    Spells: 0/6 levels left

rFire    . . .     SeeInvis .     - Unarmed
rCold    . . .     Gourm    .   (no shield)
rNeg     . . .     Faith    .   b - +0 robe
rPois    .         Spirit   .   (no helmet)
rElec    .         Reflect  .   (no cloak)
rCorr    .         Harm     .   (no gloves)
MR       .....                  (no boots)
Stlth    +.........             (no amulet)
Regen    0.1/turn               (no ring)
MPRegen  0.2/turn               (no ring)

@: appendage
A: horns 2, high mp 1
a: End Transformation


You were on level 2 of the Dungeon.
You were hungry.
You had grown temporary horns.
You visited 1 branch of the dungeon, and saw 2 of its levels.

You collected 61 gold pieces.

Inventory:

Missiles
 a - 54 arrows
Armour
 b - a +0 robe (worn)
 j - a +0 helmet
   (You found it on level 1 of the Dungeon)
Scrolls
 e - a scroll of enchant armour {unknown}
 g - a scroll of remove curse {unknown}
 h - a scroll of recharging {unknown}
Books
 c - a book of Changes
Comestibles
 d - 2 bread rations {@e1@e1}
 f - 2 meat rations {@e2@e2}
 i - 4 fruits
 k - a chunk of flesh {@w0@w0}


   Skills:
 - Level 0.8 Fighting
 - Level 1.7 Dodging
 * Level 3.7 Unarmed Combat
 + Level 2.4 Spellcasting
 - Level 1.7 Transmutations


You couldn't memorise any spells.
You knew the following spells:

 Your Spells              Type           Power        Failure   Level  Hunger
a - Beastly Appendage     Tmut           #.....       8%          1    #......
c - Spider Form           Tmut/Pois      #.........   32%         3    ###....
s - Sticks to Snakes      Tmut           #.......     12%         2    ##.....


Dungeon Overview and Level Annotations

Branches:
Dungeon (2/15)


Innate Abilities, Weirdness & Mutations

You have an increased reservoir of magic. (+10% MP)
You have a pair of horns on your head.


Message History

The bat closely misses you.
MP restored: 9 You punch the bat!
You kill the bat!
The rat barely misses you.
You closely miss the rat. The kobold completely misses you.
The rat barely misses you.
Unknown command.
You hit the rat.
You kill the rat!
The kobold barely misses you.
You barely miss the kobold. The kobold hits you.
You take 4 damage, and have 23/27 hp.
You extend your transformation's duration.
The kobold closely misses you.
You now have 8/9 mp.
You hit the kobold. Your headbutt misses the kobold.
Unknown command.
You miss the kobold. The kobold hits you.
You take 4 damage, and have 19/27 hp.
You closely miss the kobold. You headbutt the kobold.
You kill the kobold!
No target in view!
You see here a bat corpse.
No target in view!
You butcher the bat corpse.
Your transformation is almost over.
k - a chunk of flesh {@w0@w0} You see here a bat skeleton.
Memorise Spider Form, consuming 3 spell levels and leaving 0?
You start memorising the spell.
You continue memorising. x3
You finish memorising.
Spell assigned to 'c'.
MP restored: 9 You start resting.
Your horns disappear.
You see here 31 stones.
l - a fuming dark potion
Found a snail-covered altar of Cheibriados.
An adder comes into view.
Unknown command.
An adder is nearby!
Unknown command.
An adder is nearby!
Unknown command.
Okay, then.
The adder hisses angrily.
A dart slug comes into view.
You turn into a venomous arachnid creature.
Your +0 robe melds into your body.
You now have 6/9 mp.
Unknown command.
You swing at nothing.
You hit the adder but do no damage.
The adder is poisoned.
The adder barely misses you.
You closely miss the adder.
Your transformation is almost over.
The adder closely misses you. The adder completely misses you.
You hit the adder but do no damage.
The adder looks as sick as possible!
The dart slug launches a dart at you. The slug dart hits you!
The adder bites you but does no damage.
You take 4 damage, and have 17/27 hp.
Unknown command.
Your transformation has ended.
Your +0 robe unmelds from your body.
The adder barely misses you.
You grow a pair of large bovine horns.
The adder closely misses you.
You now have 5/9 mp.
You barely miss the adder. The adder bites you.
You are poisoned.
The adder poisons you! The dart slug launches a dart at you.
The slug dart hits you! The adder bites you.
* * * LOW HITPOINT WARNING * * *
You are more poisoned.
The adder poisons you!
You take 11 damage, and have 6/27 hp.
MASSIVE DAMAGE!!
It was a potion of curing.
You feel better. The adder closely misses you.
You regained 6 hp, and now have 12/27 hp.
The adder bites you.
You take 3 damage, and have 10/27 hp.
The dart slug launches a dart at you. The slug dart hits you!
* * * LOW HITPOINT WARNING * * *
You take 4 damage, and have 6/27 hp.
Unknown command.
You closely miss the adder. The adder barely misses you.
Unknown command.
You barely miss the adder. The adder bites you.
* * * LOW HITPOINT WARNING * * *
You take 3 damage, and have 3/27 hp.
Unknown command.
You hit the adder but do no damage. Your headbutt misses the adder.
The adder barely misses you. The adder closely misses you.
You punch the adder!
You kill the adder!
You are feeling hungry.
You hit the dart slug. The dart slug launches a dart at you.
The slug dart hits you!
You die...

#.#..#### #..........?
#.#.....# ##.......#.#
#.#.....# #..........#
#.#.....###.........# #
#.#......##.........#
.##.#.......#.........#
.............>........#
##..#.....#....(†w...#....
....<........÷..@..........
###.#........†.............
#.#.........)............
#.######...........#.....
#.# #................ ...
................##. #.#
####..........### #.#
#..........# #...$......#


You could see a dart slug.

Vanquished Creatures
  2 adders (D:2)
  2 giant cockroaches (D:1)
  6 goblins
  2 hobgoblins (D:1)
  3 jackals (D:1)
  5 kobolds
  3 bats
  2 frilled lizards
  3 rats
28 creatures vanquished.

Vanquished Creatures (collateral kills)
  A hobgoblin (D:1)
  A ball python (D:2)
  A bat (D:2)
  A rat (D:2)
4 creatures vanquished.

Grand Total: 32 creatures vanquished

Notes
Turn   | Place    | Note
-------+----------+-------------------------------------------
     0 | D:1      | Gorglomux the Demigod Transmuter began the quest for the Orb.
     0 | D:1      | Reached XP level 1. HP: 15/15 MP: 5/5
   314 | D:1      | Reached skill level 2 in Spellcasting
   348 | D:1      | Reached skill level 3 in Unarmed Combat
   464 | D:1      | Reached XP level 2. HP: 22/22 MP: 5/7
   482 | D:1      | Learned a level 2 spell: Sticks to Snakes
   598 | D:1      | HP: 2/22 [hobgoblin (4)]
  1571 | D:2      | Reached XP level 3. HP: 12/27 MP: 3/9
  1786 | D:2      | Learned a level 3 spell: Spider Form
  1796 | D:2      | Found a snail-covered altar of Cheibriados.
  1805 | D:2      | HP: 6/27 [adder (3)]
  1811 | D:2      | HP: 3/27 [adder (3)]
  1814 | D:2      | Killed from afar by a dart slug

Vault maps used:
D:1:      eino_arrival_cavern_d, supply_closet_lemuel
D:2:      cheibriados_altar_1, chequers_ecumenical_altar_grove

Skill      XL: |  1 |
---------------+----+-----
Spellcasting   | 2 |  2.4
Unarmed Combat | 3 |  3.7
Fighting       | |  0.8
Dodging        | |  1.7
Transmutations | |  1.7

Action                   || total
-------------------------++-------
Melee: Unarmed           ||   107
       Kick              ||    16
       Headbutt          ||     2
       Punch             ||     1
 Cast: Beastly Appendage ||    25
       Sticks to Snakes  ||     3
       Spider Form       ||     1
 Abil: End Transformatio ||     1
  Use: Potion            ||     1
 Stab: Sleeping          ||     1
  Eat: Chunk             ||     3
Armor: Robe              ||    21
       Skin              ||     1
Dodge: Dodged            ||    97

Vault maps used:
D:1:      eino_arrival_cavern_d, supply_closet_lemuel
D:2:      cheibriados_altar_1, chequers_ecumenical_altar_grove

Table legend:
 A = Turns spent in this place as a percentage of turns spent in the entire game.
 B = Non-inter-level travel turns spent in this place as a percentage of non-inter-level travel turns spent in the entire game.
 C = Inter-level travel turns spent in this place as a percentage of turns spent in this place.
 D = Turns resting spent in this place as a percentage of non-inter-level travel turns spent in this place.
 E = Turns spent auto-exploring this place as a percentage of non-inter-level travel turns spent in this place.
 F = Non-inter-level travel turns spent in this place divided by the number of levels of this place that you've seen.
                   A       B       C       D       E      F
               +-------+-------+-------+-------+-------+----------------------
         Total | 100.0 | 100.0 |   0.2 |   5.1 |   6.8 | 255.5
       Dungeon | 100.0 | 100.0 |   0.2 |   5.1 |   6.8 | 255.5
               +-------+-------+-------+-------+-------+----------------------

Table legend:
 A = Kills in this place as a percentage of kills in entire the game.
 B = Kills by you in this place as a percentage of kills by you in the entire game.
 C = Kills by friends in this place as a percentage of kills by friends in the entire game.
 D = Other kills in this place as a percentage of other kills in the entire game.
 E = Experience gained in this place as a percentage of experience gained in the entire game.
 F = Experience gained in this place divided by the number of levels of this place that you have seen.
                   A       B       C       D       E      F
               +-------+-------+-------+-------+-------+----------------------
         Total | 100.0 | 100.0 | 100.0 |  -nan | 100.0 |  37.5
       Dungeon | 100.0 | 100.0 | 100.0 |  -nan | 100.0 |  37.5
               +-------+-------+-------+-------+-------+----------------------
